 Dungeon Crawl Stone Soup version 0.24-a0-269-g32ec7ca (console) character file.

Game seed: 15924098799579306118

11 bli the Insei (level 2, 0/21 HPs)
             Began as a Demonspawn Transmuter on Apr 22, 2019.
             Slain by a ball python (2 damage)
             ... on level 1 of the Dungeon.
             The game lasted 00:01:28 (157 turns).

bli the Insei (Demonspawn Transmuter)                Turns: 157, Time: 00:01:28

Health: 0/21       AC:  3    Str: 10    XL:     2   Next: 13%
Magic:  3/5        EV:  9    Int: 14    God:
Gold:   23         SH:  0    Dex: 13    Spells: 4/5 levels left

rFire    . . .     SeeInvis .     - Unarmed
rCold    . . .     Gourm    .   (no shield)
rNeg     . . .     Faith    .   b - +0 robe
rPois    .         Spirit   .   (helmet restricted)
rElec    .         Reflect  .   (no cloak)
rCorr    .         Harm     .   (no gloves)
MR       .....                  j - +0 pair of boots
Stlth    +.........             (no amulet)
HPRegen  0.07/turn              (no ring)
MPRegen  0.09/turn              (no ring)

@: appendage (expiring), very slightly contaminated, constricted
A: antennae 1
a: End Transformation


You were on level 1 of the Dungeon.
You were not hungry.
You had grown temporary horns.
You visited 1 branch of the dungeon, and saw 1 of its levels.

You collected 23 gold pieces.

Inventory:

Missiles
 a - 12 arrows
 i - 3 curare-tipped needles
Armour
 b - a +0 robe (worn)
 j - a +0 pair of boots (worn)
Scrolls
 f - a scroll of teleportation {unknown}
Potions
 e - 2 potions of heal wounds {unknown}
 g - a potion of degeneration {unknown}
 h - a potion of cancellation {unknown}
Comestibles
 c - 3 chunks of flesh
 d - a ration


   Skills:
 + Level 1.0 Fighting
 * Level 1.8 Dodging
 * Level 3.2 Unarmed Combat
 - Level 2.0 Spellcasting
 + Level 1.8 Transmutations


You had 4 spell levels left.
You knew the following spells:

 Your Spells              Type           Power        Failure   Level  Hunger
a - Beastly Appendage     Tmut           #.....       12%         1    ##.....

Your spell library contained the following spells:

 Spells                   Type           Power        Failure   Level  Hunger
 Sticks to Snakes         Tmut           #.......     17%         2    ###....
 Spider Form              Tmut/Pois      #.........   45%         3    ####...
 Ice Form                 Ice/Tmut       #.......     86%         4    #####..
 Blade Hands              Tmut           #.........   97%         5    ######.


Dungeon Overview and Level Annotations

Branches:
Dungeon (1/15)

Altars:


Innate Abilities, Weirdness & Mutations

You have a pair of small antennae on your head.


Message History

The ball python is moderately wounded.
The ball python bites you but does no damage.
The ball python misses you.
You hit the ball python but do no damage.
The ball python is moderately wounded.
The ball python bites you but does no damage.
The ball python grabs you.
* * * LOW HITPOINT WARNING * * *
The ball python constricts you.
You closely miss the ball python.
The ball python is moderately wounded.
The ball python completely misses you.
* * * LOW HITPOINT WARNING * * *
The ball python constricts you. The ball python bites you.
* * * LOW HITPOINT WARNING * * *
The ball python constricts you.
You completely miss the ball python.
The ball python is moderately wounded.
The ball python bites you.
You die...

... ..# . ###.# .#.#
####.#.# .#.# .......
#..#.#.###... .......
+............ .......
#.<#...##.#### .........
+..#.÷.......##.........
####............ .....
#..........###S.#
#..........##@†#
#.........###.##
#.........##..#
####.........##.##
#............##.#
#...#.#)..####..#
#...#.###..###.##
#...#.# ##..##.# ##..#.#
##..#.# #....## ##.#.#
##.....### #.#.#####


You could see a ball python.

Vanquished Creatures
  A dart slug (D:1)
  A giant cockroach (D:1)
  A goblin (D:1)
  2 hobgoblins (D:1)
  2 bats (D:1)
  A kobold (D:1)
  A rat (D:1)
9 creatures vanquished.

Notes
Turn   | Place    | Note
-------+----------+-------------------------------------------
     0 | D:1      | bli the Demonspawn Transmuter began the quest for the Orb.
     0 | D:1      | Reached XP level 1. HP: 15/15 MP: 3/3
    68 | D:1      | Reached skill level 3 in Unarmed Combat
   147 | D:1      | Lost mutation: You have a pair of horns on your head.
                  | [demonic ancestry]
   147 | D:1      | Lost mutation: You have a pair of small horns on your head.
                  | [demonic ancestry]
   147 | D:1      | Gained mutation: You have a pair of small antennae on your
                  | head. [demonic ancestry]
   147 | D:1      | Reached XP level 2. HP: 4/21 MP: 3/5
   157 | D:1      | Slain by a ball python

Levels and vault maps discovered:
D:1:      dpeg_arrival_ratfight, layout_rooms

Skill      XL: |  1 |
---------------+----+-----
Unarmed Combat | 3 |  3.2
Fighting       | |  1.0
Dodging        | |  1.8
Spellcasting   | |  2.0
Transmutations | |  1.8

Action                   || total
-------------------------++-------
Melee: Unarmed           ||    35
       Headbutt          ||     1
       Punch             ||     1
 Cast: Beastly Appendage ||     5
Armor: Robe              ||    13
Dodge: Dodged            ||    16

Table legend:
 A = Non-vault XP
 B = Vault XP
 C = Vault XP percentage of total XP
 D = Non-vault monster count
 E = Vault monster count
 F = Vault count percentage of total count
                 A         B        C        D         E       F
            +---------+---------+-------+---------+---------+-------
      Total |      16 |       0 |   0.0 |       9 |       0 |   0.0
            +---------+---------+-------+---------+---------+-------
        D:1 |      16 |       0 |   0.0 |       9 |       0 |   0.0
            +---------+---------+-------+---------+---------+-------
